 Dungeon Crawl Stone Soup version 0.23-a0-130-g0e7800e (console) character file.

5461 nht the Quickloader (level 10, 0/91 HPs)
             Began as a Minotaur Hunter on Aug 27, 2018.
             Was a Priest of Okawaru.
             Slain by a two-headed ogre zombie (8 damage)
             ... on level 9 of the Dungeon.
             The game lasted 00:08:32 (6346 turns).

nht the Quickloader (Minotaur Hunter)               Turns: 6346, Time: 00:08:34

Health: 0/91       AC: 14    Str: 25    XL:     10   Next: 41%
Magic:  11/13      EV: 15    Int: 11    God:    Okawaru [***...]
Gold:   212        SH:  0    Dex: 10    Spells: 9/9 levels left

rFire    . . .     SeeInvis .   b - +1 war axe (freeze)
rCold    . . .     Gourm    .   (no shield)
rNeg     . . .     Faith    .   y - +4 leather armour of Beotyon {Str+4}
rPois    .         Spirit   .   D - +0 hat {Int+3}
rElec    .         Reflect  .   C - +0 cloak
rCorr    .         Harm     .   (no gloves)
MR       .....                  w - +2 pair of boots
Stlth    +++.......             (no amulet)
HPRegen  0.25/turn              (no ring)
MPRegen  0.13/turn              (no ring)

@: heroism
A: retaliatory headbutt, horns 2
a: Heroism, Renounce Religion


You were on level 9 of the Dungeon.
You worshipped Okawaru.
Okawaru was most pleased with you.
You were very hungry.

You visited 2 branches of the dungeon, and saw 10 of its levels.

You collected 423 gold pieces.
You spent 211 gold pieces at shops.

Inventory:

Hand Weapons
 a - a +1 hand crossbow
 b - a +1 war axe of freezing (weapon)
 B - a +0 short sword
Armour
 w - a +2 pair of boots (worn)
 y - the +4 leather armour of Beotyon (worn) {Str+4}
   (You bought it in a shop on level 6 of the Dungeon)

   It affects your strength (+4).
 C - a +0 cloak (worn)
 D - a +0 hat of intelligence (worn)
Wands
 u - a wand of random effects (28)
 A - a wand of digging (16)
Scrolls
 e - 7 scrolls of identify
 g - 2 scrolls of immolation
 h - 7 scrolls of remove curse
 j - 4 scrolls of enchant armour {unknown}
 k - 2 scrolls of amnesia {unknown}
 l - 5 scrolls of teleportation
 m - 2 scrolls of magic mapping {unknown}
 n - 3 scrolls of fear {unknown}
 q - a scroll of random uselessness {unknown}
 s - 2 scrolls of blinking {unknown}
 x - 4 scrolls of enchant weapon {unknown}
Potions
 i - a potion of ambrosia {unknown}
 o - a potion of mutation {unknown}
 p - 2 potions of curing
 r - 3 potions of brilliance {unknown}
 t - a potion of might {unknown}
 v - 2 potions of haste {unknown}
 E - a potion of berserk rage {unknown}
Comestibles
 f - 14 rations


   Skills:
 + Level 9.2(14.2) Fighting
 * Level 4.1(9.1) Axes
 - Level 10.9(15.9) Crossbows
 + Level 8.8(13.8) Armour
 - Level 2.1(7.1) Dodging
 - Level 0.7(5.7) Stealth
 + Level 5.8 Invocations


You had 9 spell levels left.
You didn't know any spells.
Your spell library contained the following spells:

 Spells                   Type           Power        Failure   Level  Hunger
 Corona                   Hex            #......      36%         1    ##.....
 Ensorcelled Hibernation  Hex/Ice        #.....       50%         2    ###....
 Confuse                  Hex            #.......     75%         3    ####...
 Dazzling Spray           Conj/Hex       #.....       75%         3    ####...
 Tukima's Dance           Hex            #.......     75%         3    ####...


Dungeon Overview and Level Annotations

Branches:
Dungeon (9/15)             Temple (1/1) D:7            Lair (0/6) D:8
    Orc: D:9-12

Altars:
Ashenzari
Cheibriados
Dithmenos
Elyvilon
Fedhas
Gozag
Hepliaklqana
Kikubaaqudgha
Makhleb
Nemelex Xobeh
Okawaru
Qazlal
Ru
Sif Muna
Trog
Uskayaw
Vehumet
Wu Jian
Xom
Yredelemnul
Zin
The Shining One

Shops:
D:6 *[=

Annotations:
D:2 exclusion: oklob plant
D:8 1 runed door, bohran's ghost, novice DrCj


Innate Abilities, Weirdness & Mutations

You reflexively headbutt those who attack you in melee.
You have a pair of horns on your head.


Message History

* * * LOW HITPOINT WARNING * * *
The two-headed ogre zombie closely misses you.
You hit the two-headed ogre zombie.
You headbutt the two-headed ogre zombie.
The two-headed ogre zombie is severely damaged.
You hit the phantom but do no damage. You barely miss something.
The phantom misses you. Something completely misses you.
You slash the two-headed ogre zombie!
The two-headed ogre zombie is severely damaged.
You barely miss something. You slash the phantom!
The two-headed ogre zombie closely misses you. x2
The phantom hits you.
* * * LOW HITPOINT WARNING * * *
The phantom blinks!
Something hits you but does no damage.
You slash the two-headed ogre zombie! You freeze the two-headed ogre zombie.
The two-headed ogre zombie is almost destroyed.
You miss something.
A crimson imp comes into view.
The two-headed ogre zombie hits you!
You die...

█..... 5(..... ████.....
....... ....... ..(...█
█...█ .(....█ . █...█
((.(..█ ..█████...████
(8(.(.█
.............████(((████
...........((..§@Z..Z...
.██████....W.(...{......
. █.............J... .
█.................
.██████.................
........................
........................
.....(..████████...█████
........█ █...█


You could see a phantom, a jelly, a crimson imp, an adder zombie and a
two-headed ogre zombie.

Vanquished Creatures
  Gastronok (D:8)
  Prince Ribbit (D:9)
  A wyvern (D:8)
  A hippogriff (D:8)
  A hungry ghost (D:9)
  A water moccasin (D:6)
  An ice beast (D:5)
  2 phantoms
  6 ogres
  2 centaurs
  A big kobold (D:8)
  3 bullfrogs
  A wyvern zombie (D:6)
  4 scorpions
  2 troll zombies (D:9)
  3 killer bees (D:8)
  4 wights (D:8)
  6 howler monkeys
  2 electric eels (D:8)
  2 crimson imps
  A bullfrog zombie (D:7)
  A quasit (D:8)
  A bullfrog skeleton (D:6)
  A hound (D:7)
  3 orc priests
  A gnoll shaman (D:8)
  A jelly (D:8)
  7 orc wizards
  An iguana (D:4)
  3 worker ants
  2 ogre zombies (D:9)
  A hound zombie (D:7)
  2 hound skeletons
  A howler monkey zombie (D:8)
  A worker ant zombie (D:8)
  7 gnolls
  11 adders
  A shadow imp (D:8)
  An ooze (D:2)
  An adder zombie (D:6)
  2 worms (D:2)
  4 dart slugs (D:1)
  2 leopard geckos (D:5)
  18 orcs
  5 giant cockroaches
  8 goblins
  13 hobgoblins
  13 jackals
  4 quokkas
  A ball python (D:1)
  A ball python skeleton (D:5)
  7 bats
  6 frilled lizards
  A giant cockroach zombie (D:5)
  2 goblin skeletons (D:9)
  2 goblin zombies (D:9)
  13 kobolds
  A leopard gecko skeleton (D:5)
  An orc skeleton (D:9)
  13 orc zombies (D:9)
  A quokka skeleton (D:8)
  A quokka zombie (D:5)
  6 rats
218 creatures vanquished.

Notes
Turn   | Place    | Note
-------+----------+-------------------------------------------
     0 | D:1      | nht the Minotaur Hunter began the quest for the Orb.
     0 | D:1      | Reached XP level 1. HP: 18/18 MP: 0/0
   100 | D:1      | Reached XP level 2. HP: 25/25 MP: 1/1
   141 | D:1      | Reached skill level 5 in Crossbows
   525 | D:2      | Found a blossoming altar of Fedhas.
   541 | D:2      | Noticed an oklob plant
   587 | D:2      | Reached XP level 3. HP: 30/30 MP: 2/2
   999 | D:2      | Reached skill level 6 in Crossbows
  1008 | D:2      | Found a burning altar of Makhleb.
  1526 | D:3      | Reached XP level 4. HP: 37/37 MP: 3/3
  1788 | D:3      | Found a sacrificial altar of Ru.
  1896 | D:3      | Reached skill level 7 in Crossbows
  1898 | D:3      | Reached XP level 5. HP: 32/42 MP: 4/4
  2301 | D:4      | Found a glowing silver altar of Zin.
  2448 | D:4      | You fall through a shaft for 3 floors!
  2502 | D:6      | Found Aplirghai's Jewellery Emporium.
  2598 | D:6      | Reached skill level 8 in Crossbows
  2598 | D:6      | Reached XP level 6. HP: 19/50 MP: 5/5
  2681 | D:6      | Found Viawkib's General Store.
  2690 | D:6      | Bought a scroll of teleportation for 30 gold pieces
  2690 | D:6      | Bought a scroll of identify for 20 gold pieces
  2696 | D:6      | Reached skill level 9 in Crossbows
  2987 | D:6      | Reached XP level 7. HP: 20/56 MP: 6/6
  3017 | D:5      | Entered Level 5 of the Dungeon
  3017 | D:5      | Found a hide-covered altar of Uskayaw.
  3070 | D:5      | Reached skill level 10 in Crossbows
  3267 | D:4      | Reached XP level 8. HP: 57/62 MP: 7/7
  3362 | D:4      | Reached skill level 1 in Armour
  3633 | D:4      | Found a glowing golden altar of the Shining One.
  4253 | D:5      | Found a bloodstained altar of Trog.
  4330 | D:6      | Found Baegryuh's Antique Armour Emporium.
  4344 | D:6      | Bought a shimmering leather armour for 161 gold pieces
  4354 | D:6      | Identified the +4 leather armour of Beotyon {Str+4} (You
                  | bought it in a shop on level 6 of the Dungeon)
  4400 | D:6      | You fall through a shaft!
  4400 | D:7      | Found a staircase to the Ecumenical Temple.
  4453 | Temple   | Entered the Ecumenical Temple
  4672 | Temple   | Became a worshipper of Warmaster Okawaru
  4733 | D:7      | Reached skill level 5 in Fighting
  4870 | D:6      | Found a deep blue altar of Sif Muna.
  4875 | D:6      | Found an ornate altar of the Wu Jian Council.
  5232 | D:7      | Reached skill level 5 in Armour
  5238 | D:7      | Found a hazy altar of Hepliaklqana.
  5239 | D:7      | Found a shimmering altar of Xom.
  5240 | D:7      | Noticed a spectral ugly thing
  5259 | D:7      | Found a white marble altar of Elyvilon.
  5394 | D:8      | Found a staircase to the Lair.
  5423 | D:8      | Reached skill level 1 in Invocations
  5427 | D:8      | Reached * piety under Okawaru
  5465 | D:8      | Reached XP level 9. HP: 54/75 MP: 9/9
  5540 | D:8      | Noticed Gastronok
  5555 | D:8      | Killed Gastronok
  5555 | D:8      | Reached ** piety under Okawaru
  5555 | D:8      | Reached skill level 5 in Invocations
  5555 | D:8      | Reached XP level 10. HP: 55/90 MP: 10/12
  5649 | D:8      | Found a runed door.
  5661 | D:8      | Reached *** piety under Okawaru
  5691 | D:8      | Reached skill level 1 in Axes
  6161 | D:8      | Noticed bohran's ghost (novice DrCj)
  6181 | D:9      | Noticed Prince Ribbit
  6202 | D:9      | Killed Prince Ribbit
  6346 | D:9      | Slain by a two-headed ogre zombie

Vault maps used:
D:1:      minmay_arrival_semitransparent
D:2:      bloody_makhleb, tgw_fedhas, glass_columns_b
D:3:      nicolae_ru_great_annihilating_truth
D:4:      overflow_temple_1_default, old_standard_altar, first_ration,
          st_stairs_3
D:5:      nicolae_overflow_hidden_temple, trog_butcher_becter
D:6:      amethyst_overflow_temple_binary, serial_shops, nicolae_shop_stone,
          shop, shop
D:7:      regret_index_temple_of_mockery, kennysheep_mini,
          minmay_temple_entry_statues_fountains
D:8:      cheibrodos_elevator_heist, ebering_ghost_reflecting_pool,
          uniq_gastronok
D:9:      zombieorc2_lemuel, hangedman_ranch, kennysheep_okawaru_gauntlet,
          uniq_prince_ribbit1
Temple:   minmay_temple_curvy_loop

Skill      XL: |  1  2  3  4  5  6  7  8  9 10 |
---------------+-------------------------------+-----
Crossbows      | 5 6 7 8 9 10 | 10.9
Armour         | 5 8 |  8.8
Fighting       | 6 8 9 |  9.2
Invocations    | 1 5 |  5.8
Axes           | 4 |  4.1
Dodging        | |  2.1
Stealth        | |  0.7

Action                   |  1- 3 |  4- 6 |  7- 9 | 10-12 || total
-------------------------+-------+-------+-------+-------++-------
Melee: Hand crossbow     |       |       |     2 |       ||     2
       War axe           |       |       |       |    19 ||    19
       Headbutt          |       |       |       |     5 ||     5
 Fire: Hand crossbow     |    96 |   138 |   237 |   107 ||   578
Invok: Heroism           |       |       |       |     1 ||     1
Evoke: Wand              |       |       |     1 |    10 ||    11
  Use: Potion            |       |     3 |       |       ||     3
       Scroll            |       |       |     3 |       ||     3
  Eat: Chunk             |     2 |     4 |     8 |     2 ||    16
       Ration            |       |       |       |     1 ||     1
Armor: Leather armour    |     5 |     8 |    38 |    26 ||    77
Dodge: Dodged            |    20 |    25 |    54 |    38 ||   137

Table legend:
 A = Non-vault XP
 B = Vault XP
 C = Vault XP percentage of total XP
 D = Non-vault monster count
 E = Vault monster count
 F = Vault count percentage of total count
                 A         B        C        D         E       F
            +---------+---------+-------+---------+---------+-------
      Total |    4907 |    2895 |  37.1 |     184 |      34 |  15.6
            +---------+---------+-------+---------+---------+-------
        D:1 |      33 |       0 |   0.0 |      16 |       0 |   0.0
        D:2 |      56 |       0 |   0.0 |      26 |       0 |   0.0
        D:3 |     182 |      46 |  20.2 |      33 |       4 |  10.8
        D:4 |     417 |      14 |   3.2 |      11 |       1 |   8.3
        D:5 |     594 |       8 |   1.3 |      19 |       4 |  17.4
        D:6 |     799 |       0 |   0.0 |      17 |       0 |   0.0
        D:7 |     302 |       0 |   0.0 |      16 |       0 |   0.0
        D:8 |    2096 |    2161 |  50.8 |      41 |       1 |   2.4
        D:9 |     428 |     666 |  60.9 |       5 |      24 |  82.8
            +---------+---------+-------+---------+---------+-------
